 Dungeon Crawl Stone Soup version 0.26.1-10-gdfb7c7de75 (webtiles) character file.

Game seed: 17053324432893189789

23184 phalm the Fighter (level 12, -3/110 HPs)
             Began as a Green Draconian Abyssal Knight on Mar 31, 2021.
             Was a High Priest of Lugonu.
             Slain by a catoblepas (4 damage)
             ... while petrified by a catoblepas
             ... on level 1 of the Lair of Beasts on Apr 1, 2021.
             The game lasted 00:40:42 (13786 turns).

phalm the Fighter (Green Draconian Abyssal Knight) Turns: 13786, Time: 00:40:43

Health: -3/110     AC: 18    Str: 14    XL:     12   Next: 69%
Magic:  0/19       EV:  2    Int: 12    God:    Lugonu [*****.]
Gold:   637        SH:  0    Dex: 12    Spells: 3/11 levels left

rFire    . . .     SeeInvis .   v - +8 quarterstaff of Wealth {freeze, rC+ rN+ Str-5}
rCold    + . .     Faith    .   (shield currently unavailable)
rNeg     + + +     Spirit   +   (armour unavailable)
rPois    ∞         Reflect  .   (helmet restricted)
rElec    .         Harm     .   q - +0 cloak
rCorr    .         Rampage  .   R - +1 pair of gloves
Will     +....                  S - +2 pair of boots {Stlth+}
Stlth    +++.......             P - amulet of guardian spirit
HPRegen  0.28/turn              G - ring of willpower
MPRegen  0.16/turn              I - +4 ring of protection

@: petrified
A: breathe noxious fumes, unfitting armour, poison resistance, cold-blooded, AC
+8
a: Breathe Noxious Fumes, Renounce Religion, Depart the Abyss, Bend Space,
Banish, Corrupt, Enter the Abyss


You were on level 1 of the Lair of Beasts.
You worshipped Lugonu.
Lugonu was extremely pleased with you.
You visited 2 branches of the dungeon, and saw 13 of its levels.
You visited the Abyss 1 time.
You also visited: Ossuary.

You collected 839 gold pieces.
You spent 202 gold pieces at shops.

Inventory:

Hand Weapons
 l - the +9 whip of Cheese {freeze, Int+3}
   (You found it on level 4 of the Dungeon)

   It has been specially enchanted to freeze those struck by it, causing extra
   injury to most foes and up to half again as much damage against particularly
   susceptible opponents.
   It can also slow down cold-blooded creatures.
   It affects your intelligence (+3).
 v - the +8 quarterstaff of Wealth (weapon) {freeze, rC+ rN+ Str-5}
   (You found it on level 7 of the Dungeon)

   It has been specially enchanted to freeze those struck by it, causing extra
   injury to most foes and up to half again as much damage against particularly
   susceptible opponents.
   It can also slow down cold-blooded creatures.
   It affects your strength (-5).
   It protects you from cold.
   It protects you from negative energy.
Missiles
 o - a throwing net
Armour
 q - a +0 cloak (worn)
 R - a +1 pair of gloves (worn)
 S - a +2 pair of boots of stealth (worn)
Jewellery
 c - an uncursed ring of flight
 f - an uncursed ring of stealth
 g - an uncursed amulet of the acrobat
 j - an uncursed ring of wizardry
 m - an uncursed amulet of regeneration
 G - a ring of willpower (left hand)
 I - a +4 ring of protection (right hand)
 K - a +6 ring of strength
 P - an amulet of guardian spirit (around neck)
Wands
 b - a wand of iceblast (6)
 t - a wand of flame (1)
 u - a wand of paralysis (21)
Scrolls
 a - 12 scrolls of teleportation
 e - 5 scrolls of fear
 h - a scroll of torment
 i - 11 scrolls of amnesia
 r - a scroll of enchant armour
 y - 4 scrolls of remove curse
 B - 2 scrolls of blinking
 C - 2 scrolls of immolation
 D - 4 scrolls of enchant weapon
 L - a scroll of silence
 M - a scroll of holy word
 N - a scroll of magic mapping
 Q - a scroll of fog
Potions
 d - a potion of flight
 k - 2 potions of invisibility
 n - 3 potions of magic
 p - 4 potions of curing
 s - 3 potions of lignification
 w - a potion of ambrosia
 x - a potion of resistance
 z - 2 potions of brilliance
 A - 4 potions of haste
 E - a potion of might
 F - a potion of berserk rage
 H - a potion of cancellation
 J - a potion of mutation {unknown}
 O - 2 potions of heal wounds


   Skills:
 + Level 11.0 Fighting
 - Level 6.4(7.6) Maces & Flails
 - Level 4.5(6.1) Polearms
 + Level 6.2(8.1) Staves
 + Level 9.1 Dodging
 - Level 1.0 Stealth
 - Level 3.0 Translocations
 + Level 5.0 Transmutations
 + Level 4.9 Earth Magic
 + Level 10.5 Invocations


You had 3 spell levels left.
You knew the following spells:

 Your Spells              Type           Power        Failure   Level
a - Blink                 Tloc           N/A          14%         2
b - Passwall              Tmut/Erth      10%          6%          2
c - Passage of Golubria   Tloc           N/A          67%         4

Your spell library contained the following spells:

 Spells                   Type           Power        Failure   Level
 Sandblast                Erth           22%          4%          1
 Gell's Gravitas          Tloc           3%           28%         3
 Lesser Beckoning         Tloc           3%           28%         3
 Teleport Other           Tloc           7%           28%         3
 Stone Arrow              Conj/Erth      10%          36%         3
 Petrify                  Tmut/Erth      12%          38%         4
 Lee's Rapid Deconstruct  Erth           5%           77%         5


Dungeon Overview and Level Annotations

Branches:
Dungeon (11/15)            Temple (0/1) D:6            Lair (2/6) D:10
 Shoals (0/4) Lair:2          Orc (0/2) D:9         Ossuary (visited)
  Snake: Lair:2-4    Spider: Lair:2-4

Altars:
Ashenzari
Cheibriados
Dithmenos
Elyvilon
Fedhas
Hepliaklqana
Makhleb
Nemelex Xobeh
Qazlal
Sif Muna
Trog
Uskayaw
Vehumet

Shops:
D:4 [

Annotations:
D:8 corrupted
D:9 exclusion: statue


Innate Abilities, Weirdness & Mutations

You can breathe blasts of noxious fumes.
Your lurid green scales are hard. (AC +8)
You cannot fit into any form of body armour.
Your system is resistant to poisons. (rPois)
You are cold-blooded and may be slowed by cold attacks.


Message History

The catoblepas is moderately wounded.
You are engulfed in calcifying dust.
The catoblepas closely misses you.
Your limbs are stiffening.
You hit the catoblepas but do no damage.
The catoblepas is lightly wounded.
You are engulfed in calcifying dust.
Your limbs have turned to stone.
The catoblepas gores you but does no damage.
You have turned to stone.
The catoblepas barely misses you. The catoblepas gores you!
* * * LOW HITPOINT WARNING * * *
The catoblepas gores you.
* * * LOW HITPOINT WARNING * * *
The catoblepas gores you!
* * * LOW HITPOINT WARNING * * *
The catoblepas gores you but does no damage.
The catoblepas gores you!
* * * LOW HITPOINT WARNING * * *
The catoblepas gores you!
You die...

#..##................=.####.##
##.##.............##...# #.##
#.####.####.P.(#####..## #.## #.#
#.# ##......#.....# #.## #.#
#.###..#.........## #.#.
#####.####................## #.#.
(...........#####...####...###.#.
..###P####.## ##Y...#.#.........
.## ### #.## ##@.........#......
## #..###.......#####......
#........#.#.# #......
###.##P..#..## #....^.
##.......#.## #......
#......(.<.# #...... #..###.#####
####### #..##### #...# #


You could see a catoblepas.

Vanquished Creatures
  A two-headed ogre (D:10)
  4 black mambas
  Joseph (D:8)
  2 cane toads (Lair:1)
  A rime drake (Lair:2)
  Maggie (D:6)
  A komodo dragon (Lair:2)
  Prince Ribbit (Lair:1)
  3 blink frogs (Lair:1)
  2 wyverns
  18 yaks
  A basilisk (Lair:2)
  Eustachio (D:5)
  A steam dragon (D:7)
  Menkaure (D:6)
  The ghost of dornbeast the Conjurer, an amateur PaCj of the Shining One (D:3)
  3 water moccasins
  An ice beast (D:7)
  A sky beast (D:4)
  2 black bears (D:10)
  7 ogres
  2 phantoms
  3 orc warriors
  6 wolves
  7 centaurs
  4 elf zombies (Ossuary)
  Blork the orc (D:4)
  A big kobold (D:5)
  18 bullfrogs
  A gnoll sergeant (D:5)
  A scorpion (D:6)
  9 killer bees
  A howler monkey (D:6)
  3 wights (D:6)
  An electric eel (D:8)
  3 bullfrog zombies
  5 centaur zombies (Ossuary)
  A quasit (D:7)
  3 human zombies (Ossuary)
  4 jellies
  5 hounds
  4 orc priests
  Crazy Yiuf (D:3)
  Ijyb (D:3)
  3 bullfrog skeletons
  2 iguanas
  Jessica (D:2)
  10 orc wizards
  8 worker ants
  A killer bee zombie (D:6)
  3 hound skeletons
  4 mummies
  4 gnolls
  A howler monkey skeleton (D:7)
  9 adders
  3 shadow imps
  2 white imps
  An ufetubus (D:9)
  3 oozes
  An adder zombie (D:8)
  2 adder skeletons
  A worm (D:3)
  10 leopard geckos
  37 orcs
  A ball python (D:2)
  6 bats
  4 giant cockroaches
  6 goblins
  8 hobgoblins
  8 jackals
  5 quokkas
  8 frilled lizards
  10 kobolds
  A kobold zombie (D:5)
  2 leopard gecko skeletons (D:4)
  An orc zombie (D:5)
  6 rats
311 creatures vanquished.

Vanquished Creatures (others)
  A sky beast (D:8)
  A bullfrog (D:8)
  3 wights (D:8)
  An electric eel (D:8)
  A howler monkey (D:8)
  A bullfrog zombie (D:8)
  An orc priest (D:6)
  A hound (D:8)
  2 orc wizards (D:8)
  A worker ant (D:8)
  An adder (D:8)
  A leopard gecko (D:8)
  5 orcs
  34 fungi
  42 plants
  2 starspawn tentacles (D:8)
98 creatures vanquished.

Grand Total: 409 creatures vanquished

Notes
Turn   | Place    | Note
-------+----------+-------------------------------------------
     0 | Abyss:1  | phalm the Draconian Abyssal Knight began the quest for the
                  | Orb.
     0 | Abyss:1  | Reached XP level 1. HP: 19/19 MP: 2/2
    85 | Abyss:2  | Noticed a small abomination
    93 | Abyss:2  | Noticed a large abomination
   105 | D:1      | Escaped the Abyss
   430 | D:1      | Reached * piety under Lugonu
   431 | D:1      | Reached XP level 2. HP: 25/26 MP: 3/3
   568 | D:1      | Reached skill level 1 in Stealth
   662 | D:2      | Noticed Jessica
   675 | D:2      | Killed Jessica
   676 | D:2      | Reached XP level 3. HP: 31/33 MP: 4/4
   973 | D:2      | Reached XP level 4. HP: 40/40 MP: 4/6
  1650 | D:2      | Reached skill level 4 in Fighting
  1669 | D:3      | Reached XP level 5. HP: 27/46 MP: 7/7
  1825 | D:3      | Found a blossoming altar of Fedhas.
  1915 | D:3      | Reached ** piety under Lugonu
  1929 | D:3      | Noticed an ogre
  1932 | D:3      | Found a transporter.
  1932 | D:3      | Noticed dornbeast's ghost (amateur PaCj)
  1943 | D:3      | Noticed Ijyb
  1977 | D:3      | Killed Ijyb
  2288 | D:3      | Found a burning altar of Makhleb.
  2317 | D:3      | Found a transporter.
  2507 | D:3      | Found a runed translucent door.
  2508 | D:3      | Noticed Crazy Yiuf
  2664 | D:3      | Killed Crazy Yiuf
  2881 | D:4      | Found Xeaduwack's Antique Armour Shoppe.
  2924 | D:4      | Reached XP level 6. HP: 43/53 MP: 8/8
  3026 | D:4      | Found a burning altar of Makhleb.
  3047 | D:4      | Got a fine whip
  3048 | D:4      | Identified the +9 whip of Cheese {freeze, Int+3} (You found
                  | it on level 4 of the Dungeon)
  3080 | D:4      | Noticed a sky beast
  3082 | D:4      | Found a shimmering blue altar of Sif Muna.
  3094 | D:4      | Killed a sky beast
  3140 | D:4      | Found a hazy altar of Hepliaklqana.
  3145 | D:4      | Found a sparkling altar of Nemelex Xobeh.
  3263 | D:4      | Reached skill level 5 in Fighting
  3263 | D:4      | Reached skill level 1 in Maces & Flails
  3263 | D:4      | Your scales start taking on a lurid green colour.
  3263 | D:4      | Reached XP level 7. HP: 61/61 MP: 8/10
  3263 | D:4      | Gained mutation: Your system is resistant to poisons.
                  | (rPois) [Green Draconian growth]
  3295 | D:4      | Found a broken altar of Ashenzari.
  3330 | D:4      | Noticed Blork the orc
  3338 | D:4      | Killed Blork the orc
  3445 | D:4      | Found a snail-covered altar of Cheibriados.
  3512 | D:4      | Found a stormy altar of Qazlal.
  3719 | D:5      | Entered Level 5 of the Dungeon
  4205 | D:5      | Paralysed by a big kobold for 2 turns
  4288 | D:5      | Reached *** piety under Lugonu
  4297 | D:5      | Found a sand-covered staircase.
  4302 | D:5      | Reached skill level 5 in Invocations
  4304 | Ossuary  | Entered an ossuary
  4322 | Ossuary  | Reached XP level 8. HP: 59/70 MP: 11/11
  4490 | Ossuary  | Reached skill level 6 in Fighting
  4593 | Ossuary  | Reached skill level 5 in Dodging
  4724 | D:5      | Noticed Eustachio
  4746 | D:5      | Killed Eustachio
  4947 | D:5      | Found a bloodstained altar of Trog.
  5454 | D:6      | Found a hide-covered altar of Uskayaw.
  5638 | D:6      | Reached skill level 7 in Fighting
  5638 | D:6      | Reached XP level 9. HP: 77/78 MP: 13/13
  5640 | D:6      | Reached **** piety under Lugonu
  5643 | D:6      | Found a staircase to the Ecumenical Temple.
  5644 | D:6      | Noticed Menkaure
  5649 | D:6      | Killed Menkaure
  5716 | D:6      | Reached skill level 5 in Maces & Flails
  6037 | D:6      | Found a shadowy altar of Dithmenos.
  6106 | D:6      | Found a white marble altar of Elyvilon.
  6124 | D:6      | Noticed Maggie
  6143 | D:6      | Killed Maggie
  6482 | D:3      | Killed dornbeast's ghost
  6483 | D:3      | Reached skill level 8 in Fighting
  7000 | D:7      | Reached XP level 10. HP: 90/90 MP: 15/15
  7436 | D:7      | Got an ebony quarterstaff
  7437 | D:7      | Identified the +8 quarterstaff of Wealth {freeze, rC+ rN+
                  | Str-5} (You found it on level 7 of the Dungeon)
  7635 | D:8      | Noticed Joseph
  7651 | D:8      | Killed Joseph
  7652 | D:8      | Reached skill level 1 in Staves
  7700 | D:8      | Learned a level 2 spell: Blink
  7703 | D:8      | Learned a level 2 spell: Passwall
  7708 | D:8      | Learned a level 4 spell: Passage of Golubria
  7890 | D:8      | Reached ***** piety under Lugonu
  7984 | D:8      | Corrupted D:8
  7984 | D:8      | Noticed a starcursed mass
  7984 | D:8      | Noticed a hell hog
  7984 | D:8      | Noticed a large abomination
  7984 | D:8      | Noticed a smoke demon
  7984 | D:8      | Noticed a thrashing horror
  7984 | D:8      | Noticed a starcursed mass
  7984 | D:8      | Noticed a tentacled starspawn
  7984 | D:8      | Noticed a sun demon
  7984 | D:8      | Noticed an Executioner
  7984 | D:8      | Noticed a lich
  7985 | D:8      | Noticed a smoke demon
  7988 | D:8      | Noticed a smoke demon
  8008 | D:8      | Noticed a tentacled starspawn
  8019 | D:8      | Noticed an orange demon
  8020 | D:8      | Noticed a tentacled starspawn
  8046 | D:8      | Noticed a tentacled starspawn
  8840 | D:8      | Reached skill level 1 in Translocations
  9238 | D:9      | Reached skill level 9 in Fighting
  9452 | D:9      | Found a staircase to the Orcish Mines.
  9823 | D:9      | Found a radiant altar of Vehumet.
  9845 | D:10     | Entered Level 10 of the Dungeon
  9956 | D:10     | Found a staircase to the Lair.
 10183 | D:10     | Noticed a two-headed ogre
 10243 | D:11     | Reached skill level 1 in Transmutations
 10245 | D:11     | Reached skill level 1 in Earth Magic
 10442 | D:10     | Killed a two-headed ogre
 10443 | D:10     | Reached XP level 11. HP: 52/97 MP: 15/17
 10938 | Lair:1   | Entered Level 1 of the Lair of Beasts
 11161 | Lair:1   | Reached skill level 10 in Fighting
 11161 | Lair:1   | Reached skill level 5 in Staves
 11161 | Lair:1   | Reached skill level 10 in Invocations
 11161 | Lair:1   | Reached XP level 12. HP: 107/107 MP: 19/19
 11504 | Lair:1   | Noticed Prince Ribbit
 11512 | Lair:1   | Killed Prince Ribbit
 12875 | Lair:2   | Found a staircase to the Shoals.
 12985 | Lair:2   | Reached skill level 11 in Fighting
 13513 | D:4      | Bought a pair of glowing boots for 202 gold pieces
 13715 | Lair:2   | Reached skill level 5 in Transmutations
 13722 | Lair:2   | Noticed a catoblepas
 13785 | Lair:1   | HP: 1/110 [catoblepas (5)]
 13786 | Lair:1   | Slain by a catoblepas

Illustrated notes

Levels and vault maps discovered:
D:1:      scummos_arrival_gate, layout_basic, minmay_crystal_room
D:2:      layout_loops_cross, minivault_4, kennysheep_big_empty_room,
          minmay_misc_feat_five, uniq_jessica
D:3:      layout_basic, marbit_many_paths, old_standard_altar,
          gammafunk_ghost_arena, uniq_ijyb, uniq_crazy_yiuf_cottage
D:4:      layout_basic, old_standard_altar, nicolae_overflow_crystal_walls,
          lemuel_coloured_pillars_altar, minmay_overflow_temple_star_quad,
          serial_shops, kennysheep_mini_moat, bloody_makhleb, uniq_blork_the_orc
D:5:      cheibrodos_thug_alley, layout_loops_corners, bloody_trog,
          nicolae_ossuary_entry_giza, serial_rivers,
          chequers_serial_rivers_large_b, chequers_serial_rivers_micro_d,
          chequers_serial_rivers_room_b, chequers_serial_rivers_small_b,
          minmay_statues_item, uniq_eustachio
D:6:      layout_cave_pools, grunt_dithmenos_shadows,
          nicolae_overflow_hidden_temple, minmay_temple_entry_butterflies,
          basic_altar, uniq_maggie, uniq_menkaure
D:7:      minmay_the_grid_octo_tiled_octocenter [minmay_the_grid_octo_clover,
          minmay_the_grid_octo_fat_diamond, minmay_the_grid_octo_checkered,
          minmay_the_grid_octo_checkerflower,
          minmay_the_grid_octo_prize_single_spiral,
          minmay_the_grid_square_5x5_meh, minmay_the_grid_square_5x5_percent,
          minmay_the_grid_square_5x5_two_small,
          minmay_the_grid_square_5x5_hollow_slash], layout_rooms
D:8:      layout_basic, water_maze_lemuel, uniq_joseph
D:9:      layout_rooms, vehumet_statue, hiddenorc1_lemuel,
          hangedman_minor_gate_pass
D:10:     layout_basic, due_lair_maze_entry_diamond
D:11:     layout_gridville, ebering_ghost_xom
Lair:1:   layout_loops_ring, serial_bayou_shore_a, uniq_prince_ribbit2
Lair:2:   layout_gridlike, minmay_shoals_entry_centaurs,
          spider_nest_entry_funnel_web, special_room [special_room_bee]

Skill      XL: |  1  2  3  4  5  6  7  8  9 10 11 12 |
---------------+-------------------------------------+-----
Stealth        | 1 |  1.0
Polearms       | 3 4 |  4.5
Fighting       | 4 5 7 8 9 10 11 | 11.0
Invocations    | 3 4 5 6 7 9 10 | 10.5
Dodging        | 3 4 5 6 7 8 9 |  9.1
Maces & Flails | 1 2 4 6 |  6.4
Staves         | 3 5 6 |  6.2
Translocations | 3 |  3.0
Transmutations | 1 3 5 |  5.0
Earth Magic    | 1 3 4 |  4.9

Action                   |  1- 3 |  4- 6 |  7- 9 | 10-12 || total
-------------------------+-------+-------+-------+-------++-------
Melee: Spear             |    78 |   137 |       |       ||   215
       Tailslap          |     4 |    11 |    50 |    62 ||   127
       Quarterstaff      |       |    40 |       |   467 ||   507
       Whip              |       |    17 |   419 |    24 ||   460
Invok: Depart the Abyss  |     1 |       |       |       ||     1
       Bend Space        |       |       |       |    13 ||    13
       Corrupt           |       |       |       |     1 ||     1
 Abil: Breathe Noxious F |       |       |     5 |     6 ||    11
       Evoke Flight      |       |       |     1 |     2 ||     3
       Stop Flying       |       |       |       |     1 ||     1
Evoke: Wand              |       |       |     8 |       ||     8
  Use: Scroll            |       |     7 |     7 |    16 ||    30
       Potion            |       |     4 |     1 |     1 ||     6
 Stab: Sleeping          |     7 |    17 |    11 |     4 ||    39
       Distracted        |       |     1 |     1 |       ||     2
       Confused          |       |       |     4 |     1 ||     5
Armor: Skin              |    16 |    48 |   115 |   221 ||   400
Dodge: Dodged            |    48 |    82 |   318 |   516 ||   964
